 Dungeon Crawl Stone Soup version 0.31.0-12-g77e489cdc1 (webtiles) character file.

Game seed: 1175306595789390454

273 Gadfly the Insei (level 6, 34/47 HPs)
             Began as a Demonspawn Monk on Feb 13, 2024.
             Quit the game on level 4 of the Dungeon.
             The game lasted 00:04:36 (2534 turns).

Gadfly the Insei (Demonspawn Monk)                  Turns: 2534, Time: 00:04:36

Health: 34/47      AC:  5    Str: 13    XL:     6   Next: 2%
Magic:  6/6        EV: 13    Int: 12    God:
Gold:   165        SH:  0    Dex: 16    Spells: 2/5 levels left

rFire   . .          .
                       - Unarmed
rCold   + . .        c - orb {light}
rNeg    . . .        m - +0 troll leather armour
rPois   .            (no helmet)
rElec   .            h - +0 cloak
rCorr   +            (no gloves)
SInv    .            k - +0 pair of boots
Will    .....        g - amulet of faith
Stlth   +            j - ring of resist corrosion
HPRegen 1.07/turn    l - ring of protection from cold
MPRegen 0.10/turn

%: faith
@: glowing
A: powered by death 1, big brain 1, weakness stinger 1
a: no special abilities


You were on level 4 of the Dungeon.
You visited 1 branch of the dungeon, and saw 4 of its levels.

You collected 165 gold pieces.

Inventory:

Hand Weapons
 n - a +0 short sword of protection
 q - a +0 falchion
Armour
 a - a +0 robe
 c - an orb of light (worn)
 h - a +0 cloak (worn)
 k - a +0 pair of boots (worn)
 m - a +0 troll leather armour (worn)
 s - a +0 leather armour of fire resistance
Jewellery
 g - an amulet of faith (around neck)
 j - a ring of resist corrosion (left hand)
 l - a ring of protection from cold (right hand)
Scrolls
 e - 3 scrolls of teleportation
Potions
 b - a potion of ambrosia
 d - a potion of attraction
 f - a potion of curing
 p - 2 potions of heal wounds
 r - a potion of lignification


   Skills:
 - Level 3.0 Fighting
 + Level 3.4 Dodging
 * Level 4.0 Unarmed Combat
 * Level 2.7 Evocations
 * Level 2.4 Shapeshifting


You had 2 spell levels left.
You knew the following spells:

 Your Spells              Type           Power      Damage    Failure   Level
a - Passwall              Erth           0%         N/A       77%         3

Your spell library contained the following spells:

 Spells                   Type           Power      Damage    Failure   Level
 Sandblast                Erth           0%         2d4       38%         1
 Sting                    Conj/Alch      0%         1d3       38%         1
 Mercury Vapours          Alch/Air       0%         N/A       54%         2
 Stone Arrow              Conj/Erth      0%         3d7       77%         3
 Brom's Barrelling Bould  Conj/Erth      0%         2d3       99%         4
 Olgreb's Toxic Radiance  Alch           0%         N/A       99%         4


Dungeon Overview and Level Annotations

Branches:
Dungeon (4/15)
 Temple: D:4-7

Altars:
Cheibriados
Trog
Uskayaw


Innate Abilities, Weirdness & Mutations

You regenerate a little health from kills.
You have an unusually large brain. (Int +2)
You have a small tail.


Message History

No target in view!
No target in view!
You feel a little less clever now.
You now have 165 gold pieces (gained 8).
An iguana comes into view.
The iguana hisses angrily.
An iguana is nearby!
The iguana closely misses you.
You hit the iguana.
The iguana is lightly wounded.
The iguana barely misses you.
You hit the iguana.
The iguana is moderately wounded.
You hit the iguana.
You tail-slap the iguana, but do no damage.
The iguana is moderately wounded.
The iguana bites you.
You hit the iguana.
The iguana is severely wounded.
The iguana completely misses you.
You hit the iguana.
The iguana is severely wounded.
The iguana bites you but does no damage.
You hit the iguana.
You tail-slap the iguana, but do no damage.
The iguana is severely wounded.
The iguana bites you!
You hit the iguana but do no damage.
The iguana is severely wounded.
The iguana bites you.
You hit the iguana but do no damage.
The iguana is severely wounded.
The iguana bites you but does no damage.
You hit the iguana.
You kill the iguana!
Your Unarmed Combat skill increases to level 4!
You have reached level 6!
Your demonic ancestry asserts itself...
Your brain expands.
Are you sure you want to abandon this character and quit the game? (Confirm with "yes".)

#.###.........
#.....####.###
#####.# #.# #.# #.#
#.# #.# #)# #.#
######.####.#
#.######...........##
#....@..............#
#.######.####.#######
#.# #.######## #.#
#......... ..#
########## ###


There were no monsters in sight!

Vanquished Creatures
  A phantom (D:3)
  An iguana (D:4)
  An orc wizard (D:4)
  Natasha (D:4)
  2 adders
  A ribbon worm (D:4)
  2 dart slugs (D:2)
  10 orcs
  9 ball pythons
  7 bats
  7 endoplasms
  8 giant cockroaches
  A goblin (D:1)
  6 hobgoblins
  14 kobolds
  2 quokkas (D:2)
  5 frilled lizards
  8 rats
86 creatures vanquished.

Notes
Turn   | Place    | Note
-------+----------+-------------------------------------------
     0 | D:1      | Gadfly the Demonspawn Monk began the quest for the Orb.
     0 | D:1      | Reached XP level 1. HP: 18/18 MP: 1/1
   134 | D:1      | Gained mutation: You regenerate a little health from kills.
                  | [demonic ancestry]
   134 | D:1      | Reached XP level 2. HP: 24/24 MP: 2/2
   367 | D:1      | Reached skill level 1 in Evocations
   370 | D:1      | Reached skill level 3 in Unarmed Combat
   452 | D:1      | Reached XP level 3. HP: 22/29 MP: 3/3
   502 | D:1      | Reached skill level 1 in Shapeshifting
  1078 | D:2      | Gained mutation: You have a small tail. [demonic ancestry]
  1078 | D:2      | Reached XP level 4. HP: 35/35 MP: 4/4
  1083 | D:2      | Found a bloodstained altar of Trog.
  1369 | D:2      | Learned a level 3 spell: Passwall
  1511 | D:3      | Found a snail-covered altar of Cheibriados.
  1848 | D:3      | Noticed a phantom
  1870 | D:3      | Killed a phantom
  1871 | D:3      | Reached XP level 5. HP: 28/41 MP: 5/5
  2120 | D:3      | Found a hide-covered altar of Uskayaw.
  2398 | D:4      | Identified the staff of the Howling Pariah {MP+9 Str+2
                  | Conj}
  2477 | D:4      | Noticed Natasha
  2484 | D:4      | Killed Natasha
  2534 | D:4      | Reached skill level 4 in Unarmed Combat
  2534 | D:4      | Gained mutation: You have an unusually large brain. (Int
                  | +2) [demonic ancestry]
  2534 | D:4      | Reached XP level 6. HP: 34/47 MP: 6/6
  2534 | D:4      | Quit the game

Illustrated notes

Levels and vault maps discovered:
D:1:      dpeg_arrival_round_c, layout_loops_ring
D:2:      layout_basic, basic_altar, minmay_misc_feat_secret_circle
D:3:      layout_basic, old_standard_altar, lemuel_coloured_pillars_altar,
          serial_glass, glass_columns_a, glass_columns_a, corexii_corridor_pit
D:4:      layout_basic, minmay_ruptured, uniq_natasha

Skill      XL: |  1  2  3  4  5 |
---------------+----------------+-----
Evocations     | 1 2 |  2.7
Unarmed Combat | 3 4 |  4.0
Dodging        | 3 |  3.4
Shapeshifting  | 1 2 |  2.4
Fighting       | |  3.0

Action                     |  1- 3 |  4- 6 || total
---------------------------+-------+-------++-------
  Melee: Unarmed           |   135 |   125 ||   260
         Tailslap          |       |    21 ||    21
    Use: Scroll            |     2 |     6 ||     8
         Potion            |     1 |     1 ||     2
 Armour: Robe              |    57 |     6 ||    63
         Troll leather arm |       |    69 ||    69
  Dodge: Dodged            |    85 |    61 ||   146
